 Dungeon Crawl Stone Soup version 0.21.0-3-g78d12a8bdd (webtiles) character file.

8303 Principatus the Arsonist (level 11, -27/86 HPs)
             Began as a Black Draconian Fire Elementalist on Jan 16, 2018.
             Was a Believer of Vehumet.
             Hit by a large rock thrown by a cyclops (36 damage)
             ... on level 11 of the Dungeon.
             The game lasted 01:00:41 (14219 turns).

Principatus the Arsonist (DrFE)                    Turns: 14219, Time: 01:00:41

Health: -27/86     AC:  8    Str: 11    XL:     11   Next: 8%
Magic:  17/29      EV: 14    Int: 19    God:    Vehumet [**....]
Gold:   639        SH:  0    Dex: 11    Spells: 6/22 levels left

rFire    + . .     SeeInvis .   k - +0 hunting sling
rCold    . . .     Gourm    .   (no shield)
rNeg     . . .     Faith    .   (armour unavailable)
rPois    .         Spirit   .   (helmet restricted)
rElec    +         Reflect  .   (no cloak)
rCorr    .         Harm     .   f - +0 pair of gloves
MR       .....                  (no boots)
Stlth    ++........             (no amulet)
HPRegen  0.24/turn              A - ring of magical power
MPRegen  0.21/turn              x - ring of protection from fire

@: no status effects
A: breathe lightning, unfitting armour, electricity resistance, cold-blooded, AC
+7
a: Breathe Lightning, Renounce Religion


You were on level 11 of the Dungeon.
You worshipped Vehumet.
Vehumet was pleased with you.
You were not hungry.

You visited 2 branches of the dungeon, and saw 12 of its levels.
You also visited: Sewer.

You collected 639 gold pieces.

Inventory:

Hand Weapons
 e - a +2 hand axe of electrocution
 k - a +0 hunting sling (weapon)
Missiles
 h - 308 stones
 l - 2 needles of frenzy
 y - 4 tomahawks
 J - 36 sling bullets (quivered)
Armour
 f - a +0 pair of gloves (worn)
Jewellery
 s - an uncursed ring of positive energy
 v - an uncursed ring of see invisible
 x - a ring of protection from fire (right hand)
 A - a ring of magical power (left hand)
 I - an uncursed ring of see invisible
 O - a +3 ring of evasion {unknown}
Wands
 d - a wand of enslavement (22)
 q - a wand of flame (31)
 z - a wand of acid (12)
 B - a wand of digging (24)
Scrolls
 c - 2 scrolls of remove curse
 g - a scroll of blinking
 i - 2 scrolls of identify
 p - 3 scrolls of teleportation
 D - a scroll of fear {unknown}
 F - a scroll of vulnerability {unknown}
 H - 2 scrolls of fog {unknown}
 L - a scroll of immolation {unknown}
 N - a scroll of silence {unknown}
 P - a scroll of enchant weapon {unknown}
Potions
 j - a potion of cancellation {unknown}
 m - 2 potions of lignification
 n - a potion of berserk rage
 o - a potion of brilliance {unknown}
 r - a potion of resistance {unknown}
 t - 4 potions of curing
 w - a potion of haste {unknown}
 C - 2 potions of flight
 E - 2 potions of heal wounds {unknown}
 G - a potion of magic {unknown}
 K - a potion of degeneration {unknown}
Books
 a - a book of Flames

   Spells                             Type                      Level
   a - Flame Tongue                   Conjuration/Fire             1
   b - Throw Flame                    Conjuration/Fire             2
   c - Conjure Flame                  Conjuration/Fire             3
   d - Inner Flame                    Hexes/Fire                   3
   e - Sticky Flame                   Conjuration/Fire             4
   f - Fireball                       Conjuration/Fire             5
 u - a book of Misfortune

   Spells                             Type                      Level
   a - Confusing Touch                Hexes                        1
   b - Confuse                        Hexes                        3
   c - Gell's Gravitas                Translocation                3
   d - Petrify                        Transmutation/Earth          4
   e - Metabolic Englaciation         Hexes/Ice                    5
   f - Yara's Violent Unravelling     Hexes/Transmutation          5
Comestibles
 b - 14 rations


   Skills:
 + Level 5.0 Fighting
 + Level 4.8 Dodging
 - Level 2.1 Stealth
 - Level 6.1 Spellcasting
 + Level 10.2 Conjurations
 + Level 10.6 Fire Magic


You had 6 spell levels left.
You knew the following spells:

 Your Spells              Type           Power        Failure   Level  Hunger
a - Flame Tongue          Conj/Fire      #####        1%          1    None
b - Throw Flame           Conj/Fire      #####.       1%          2    None
c - Conjure Flame         Conj/Fire      #####...     1%          3    ##.....
d - Sticky Flame          Conj/Fire      #####...     1%          4    ####...
e - Fireball              Conj/Fire      #####.....   4%          5    #####..
f - Shock                 Conj/Air       ####         1%          1    None


Dungeon Overview and Level Annotations

Branches:
Dungeon (11/15)            Temple (1/1) D:7            Lair (0/6) D:8
    Orc: D:9-12

Altars:
Ashenzari
Cheibriados
Elyvilon
Gozag
Makhleb
Nemelex Xobeh
Okawaru
Sif Muna
Trog
Vehumet
Wu Jian
Xom
Zin

Shops:
D:6 %   D:11 (


Innate Abilities, Weirdness & Mutations

You can breathe wild blasts of lightning.
Your glossy black scales are hard. (AC +7)
You cannot fit into any form of body armour.
You are resistant to electric shocks. (rElec)
You are cold-blooded and may be slowed by cold attacks.


Message History

The flame tongue hits the cyclops.
The cyclops appears unharmed.
The cyclops is moderately wounded.
Casting: Flame Tongue
Confirm with . or Enter, or press ? or * to list all spells.
Aiming: Flame Tongue
Press: ? - help, Shift-Dir - straight line, f/p - cyclops
Aim: a cyclops (moderately wounded)
The flame tongue hits the cyclops.
The cyclops is heavily wounded.
Casting: Flame Tongue
Confirm with . or Enter, or press ? or * to list all spells.
Aiming: Flame Tongue
Press: ? - help, Shift-Dir - straight line, f/p - cyclops
Aim: a cyclops (heavily wounded)
The flame tongue hits the cyclops.
The cyclops appears unharmed.
The cyclops is heavily wounded.
The cyclops throws a large rock.
The large rock hits you!!!
* * * LOW HITPOINT WARNING * * *
The cyclops throws a large rock.
The large rock hits you!!!
You die...

#.# #..### #.#
#....#
#.###(#########.#.#
#...C.h.........#.#
#..########C#####.#
#.[ #§# #.# #C# #.#
#.# . ####(#####.#
#<.@#......#
#.##.####### #.##.#
######.##.#
#......##.#
#.#####...# #.#
#.### #.# #.# #∩#
#.#


You could see a cyclops.

Vanquished Creatures
  Erica (D:8)
  3 two-headed ogres
  A hornet (D:9)
  Prince Ribbit (D:8)
  A spriggan (D:7)
  A steam dragon (D:8)
  2 ice beasts
  4 orc warriors
  4 porcupines (D:8)
  3 sky beasts
  A phantom (D:7)
  2 black bears
  7 ogres
  5 centaurs
  2 big kobolds
  A bullfrog (D:9)
  A scorpion (D:11)
  9 killer bees (D:7)
  5 wights (D:6)
  7 crimson imps
  4 hounds
  4 jellies
  7 orc priests
  2 centaur skeletons
  3 bullfrog skeletons
  2 iguanas
  5 orc wizards
  3 worker ants
  2 hound skeletons
  3 worker ant zombies
  Robin (D:2)
  A howler monkey skeleton (D:5)
  17 adders
  3 shadow imps
  An ooze (D:3)
  2 worms
  7 leopard geckos
  25 orcs
  7 bats
  2 giant cockroaches
  17 goblins
  9 hobgoblins
  10 jackals
  15 kobolds
  5 quokkas
  3 ball pythons
  4 frilled lizards
  10 rats
  A fungus (D:8)
236 creatures vanquished.

Vanquished Creatures (others)
  3 fungi (D:8)
  A plant (D:8)
4 creatures vanquished.

Grand Total: 240 creatures vanquished

Notes
Turn   | Place    | Note
-------+----------+-------------------------------------------
     0 | D:1      | Principatus the Draconian Fire Elementalist began the quest for the Orb.
     0 | D:1      | Reached XP level 1. HP: 14/14 MP: 3/3
   389 | D:1      | Reached XP level 2. HP: 19/20 MP: 0/5
   772 | D:2      | Noticed Robin
   996 | D:2      | Reached XP level 3. HP: 26/26 MP: 2/6
  1002 | D:2      | Learned a level 2 spell: Throw Flame
  2100 | D:2      | Found an ornate altar of the Wu Jian Council.
  2115 | D:2      | Found a white marble altar of Elyvilon.
  2120 | D:2      | Reached XP level 4. HP: 33/33 MP: 3/7
  2159 | D:2      | Found a burning altar of Makhleb.
  2171 | D:2      | Found an iron altar of Okawaru.
  2242 | D:2      | Killed Robin
  2569 | D:3      | Learned a level 3 spell: Conjure Flame
  2731 | D:3      | Reached XP level 5. HP: 21/38 MP: 7/9
  5057 | D:4      | Reached XP level 6. HP: 44/45 MP: 6/10
  5268 | D:4      | Reached skill level 5 in Fire Magic
  5368 | D:5      | Entered Level 5 of the Dungeon
  5536 | D:5      | Noticed a sky beast
  5653 | D:5      | Killed a sky beast
  5795 | D:5      | Noticed an ice beast
  5802 | D:5      | Killed an ice beast
  5802 | D:5      | Your scales start taking on a glossy black colour.
  5802 | D:5      | Reached XP level 7. HP: 35/50 MP: 7/12
  5802 | D:5      | Gained mutation: You are resistant to electric shocks. (rElec) [Black Draconian growth]
  6014 | D:5      | Reached skill level 5 in Conjurations
  6900 | D:5      | Learned a level 4 spell: Sticky Flame
  7074 | D:6      | Found a glowing drain.
  7084 | Sewer    | Entered a sewer
  7229 | Sewer    | Found a white marble altar of Elyvilon.
  7514 | D:6      | Found Odoinonk's Food Shop.
  7542 | D:6      | Reached XP level 8. HP: 57/57 MP: 14/14
  8919 | D:7      | Reached skill level 5 in Spellcasting
  9292 | D:7      | Found a staircase to the Ecumenical Temple.
  9307 | D:7      | Reached XP level 9. HP: 62/62 MP: 14/16
  9545 | Temple   | Entered the Ecumenical Temple
  9622 | Temple   | Became a worshipper of Vehumet
 10089 | D:7      | Noticed a two-headed ogre
 10186 | D:7      | Killed a two-headed ogre
 10780 | D:7      | Reached * piety under Vehumet
 10780 | D:7      | Offered knowledge of Magic Dart by Vehumet.
 10988 | D:7      | Learned a level 5 spell: Fireball
 11407 | D:8      | Reached XP level 10. HP: 70/70 MP: 19/19
 11439 | D:8      | Reached skill level 1 in Fighting
 11496 | D:8      | Noticed Prince Ribbit
 11500 | D:8      | Killed Prince Ribbit
 12070 | D:8      | Found a staircase to the Lair.
 12304 | D:8      | Noticed Erica
 12341 | D:8      | Killed Erica
 12341 | D:8      | Reached skill level 10 in Fire Magic
 12346 | D:8      | Offered knowledge of Shock by Vehumet.
 12356 | D:8      | Learned a level 1 spell: Shock
 12861 | D:9      | Reached ** piety under Vehumet
 13120 | D:9      | Noticed a two-headed ogre
 13139 | D:9      | Killed a two-headed ogre
 13401 | D:9      | Reached skill level 10 in Conjurations
 13537 | D:9      | Noticed a two-headed ogre
 13559 | D:9      | Killed a two-headed ogre
 13751 | D:9      | Reached XP level 11. HP: 85/85 MP: 20/20
 13933 | D:10     | Entered Level 10 of the Dungeon
 13941 | D:10     | Reached skill level 5 in Fighting
 13963 | D:10     | You fall through a shaft!
 14103 | D:11     | Found Waowai's Weapon Emporium.
 14219 | D:11     | Hit by a large rock thrown by a cyclops

Skill      XL: |  1  2  3  4  5  6  7  8  9 10 11 |
---------------+----------------------------------+-----
Stealth        | 2 |  2.1
Dodging        | 2 4 |  4.8
Conjurations   | 2 3 4 5 7 9 10 | 10.2
Fire Magic     | 4 5 6 8 9 10 | 10.6
Spellcasting   | 3 4 5 6 |  6.1
Fighting       | 4 5 |  5.0

Action                   |  1- 3 |  4- 6 |  7- 9 | 10-12 || total
-------------------------+-------+-------+-------+-------++-------
Melee: Hand axe          |     3 |       |    23 |    51 ||    77
       Tailslap          |     1 |       |     2 |     4 ||     7
       Hunting sling     |       |     1 |       |       ||     1
       Short sword       |       |       |     9 |       ||     9
 Fire: Hunting sling     |    46 |    70 |   192 |    44 ||   352
 Cast: Flame Tongue      |    66 |   105 |   231 |   159 ||   561
       Conjure Flame     |       |     1 |    24 |    14 ||    39
       Throw Flame       |       |       |     1 |    13 ||    14
       Shock             |       |       |       |    10 ||    10
 Abil: Breathe Lightning |       |       |     3 |     3 ||     6
  Use: Scroll            |       |     6 |     7 |       ||    13
       Potion            |       |       |     1 |       ||     1
  Eat: Chunk             |     3 |    12 |    10 |     6 ||    31
       Ration            |       |       |     3 |     1 ||     4
Armor: Skin              |    22 |    21 |    50 |    39 ||   132
Dodge: Dodged            |    43 |    27 |   103 |    72 ||   245
